Map: Simulacrum LE

Players

Trap

  • Race: Protoss Protoss
  • League: Master
  • Spawn Location: 5:00

INnoVation - Winner!

  • Race: Terran Terran
  • League: Master
  • Spawn Location: 11:00

Event: Shopify TSL 5

VOD

Have the link to the VOD?

Description

Time

  • Played on: June 7, 2020, 8:31 a.m.
  • Length: 14:27

All games in this series

Show
View Real Time Build Order
Export as new Build Order

Trap Protoss 

Build Orders: 1 Gate Expand, Blink Stalkers, Colossus Rush 

Get SALT Encoding   

  12  0:00  Probe  
  13  0:12  Probe  
  14  0:17  Pylon  
  14  0:24  Probe (Chrono Boost)  
  15  0:36  Probe (Chrono Boost)  
  15  0:38  Gateway  
  16  0:43  Probe (Chrono Boost)  
  16  0:48  Assimilator  
  17  0:51  Probe  
  18  1:03  Probe  
  19  1:15  Probe  
  20  1:26  Cybernetics Core  
  20  1:34  Nexus  
  20  1:40  Pylon  
  20  1:43  Probe  
  21  1:51  Assimilator  
  21  1:55  Probe  
  21  2:00  Adept (Chrono Boost)  
  22  2:03  Warp Gate  
  22  2:07  Probe (Chrono Boost)  
  25  2:18  Probe (Chrono Boost)  
  25  2:21  Twilight Council  
  25  2:22  Probe (Chrono Boost)  
  26  2:29  Stalker  
  29  2:35  Probe (Chrono Boost)  
  30  2:46  Probe (Chrono Boost)  
  32  2:52  Probe (Chrono Boost)  
  32  2:55  Probe (Chrono Boost)  
  32  2:56  Blink (Chrono Boost)  
  32  2:59  Probe (Chrono Boost)  
  33  3:05  Probe  
  33  3:06  Stalker  
  33  3:12  Probe  
  37  3:13  Gateway  
  37  3:17  Probe  
  38  3:26  Probe  
  39  3:29  Probe  
  39  3:40  Probe  
  37  3:42  Probe  
  37  3:45  Robotics Facility  
  38  3:52  Probe (Chrono Boost)  
  40  3:56  Probe (Chrono Boost)  
  40  4:00  Assimilator  
  40  4:02  Assimilator  
  40  4:04  Probe (Chrono Boost)  
  42  4:10  Sentry, Pylon  
  42  4:11  Probe (Chrono Boost)  
  42  4:12  Probe (Chrono Boost)  
  42  4:16  Pylon  
  45  4:18  Probe  
  45  4:23  Phoenix  
  46  4:28  Probe  
  46  4:30  Probe, Gateway  
  46  4:31  Pylon  
  48  4:35  Stalker  
  48  4:36  Stalker  
  53  4:38  Observer  
  53  4:40  Probe  
  53  4:42  Probe  
  53  4:45  Pylon  
  55  4:52  Robotics Bay  
  55  4:53  Probe  
  55  4:54  Probe  
  57  5:03  Stalker x2  
  57  5:06  Probe x2  
  63  5:11  Observer  
  64  5:31  Observer, Extended Thermal Lance  
  64  5:34  Nexus, Forge  
  64  5:37  Colossus (Chrono Boost)  
  70  5:57  Pylon  
  70  5:58  Stalker x3  
  70  6:00  Probe x2  
  78  6:06  Charge  
  76  6:15  Pylon  
  76  6:20  Colossus (Chrono Boost), Shield Battery  
  82  6:35  Sentry, Protoss Ground Weapons Level 1 (Chrono Boost)  
  82  6:36  Zealot x2  
  82  6:37  Gateway  
  82  6:38  Gateway  
  86  6:46  Probe x3  
  88  6:57  Colossus (Chrono Boost)  
  94  7:03  Zealot x3  
  94  7:06  Probe x2  
  94  7:07  Probe  
  103  7:19  Pylon  
  103  7:20  Pylon  
  103  7:22  Pylon  
  101  7:38  Stalker x3  
  101  7:40  Shield Battery  
  101  7:41  Photon Cannon  
  101  7:42  Sentry  
  101  7:43  Zealot  
  111  7:44  Probe x2  
  111  7:45  Probe, Pylon  
  111  7:47  Observer  
  115  7:56  Observer, Probe x2  
  115  7:57  Probe  
  118  8:01  Pylon  
  118  8:02  Zealot x3  
  124  8:08  Probe  
  124  8:09  Gateway x2  
  125  8:15  Dark Shrine  
  125  8:20  Immortal (Chrono Boost)  
  125  8:24  Probe x3  
  125  8:26  Pylon  
  132  8:30  Zealot  
  132  8:31  Zealot  
  135  8:37  Protoss Ground Weapons Level 2 (Chrono Boost)  
  135  8:41  Zealot  
  135  8:42  Zealot x2  
  139  8:49  Immortal (Chrono Boost)  
  142  8:57  Robotics Facility  
  142  8:58  Observer  
  142  9:01  Zealot x2  
  142  9:02  Zealot  
  148  9:07  Pylon  
  148  9:08  Pylon  
  148  9:11  Pylon  
  148  9:13  Pylon  
  148  9:18  Observer, Disruptor (Chrono Boost)  
  147  9:28  Nexus  
  145  9:31  Pylon  
  145  9:36  Dark Templar x4  
  153  9:43  Zealot x3  
  159  9:48  Disruptor (Chrono Boost)  
  159  9:49  Disruptor (Chrono Boost)  
  165  9:57  Pylon  
  159  10:07  Pylon  
  159  10:12  Probe x3  
  162  10:16  Gravitic Drive  
  162  10:21  Zealot x3  
  168  10:22  Disruptor (Chrono Boost)  
  168  10:24  Probe, Shadow Stride  
  168  10:26  Warp Prism (Chrono Boost)  
  168  10:27  Zealot  
  176  10:37  Protoss Ground Weapons Level 3 (Chrono Boost)  
  171  11:04  Zealot  
  171  11:05  Zealot x6  
  185  11:12  Gateway  
  185  11:14  Gateway x3  
  181  11:25  Disruptor x2 (Chrono Boost)  
  185  11:43  Photon Cannon  
  185  11:46  Dark Templar x3  
  181  11:47  Zealot x4  
  181  11:50  Nexus  
  167  12:10  Zealot x8  
  160  12:23  Immortal (Chrono Boost)  
  160  12:24  Zealot  
  160  12:25  Zealot x2  
  122  12:33  Immortal (Chrono Boost)  
  110  12:40  Dark Templar x3, Zealot  
  110  12:41  Zealot x4  
  88  12:51  Disruptor (Chrono Boost)  
  88  12:57  Zealot x3  
  90  13:06  Zealot x3  
  66  13:18  Stalker x3  
  68  13:22  Disruptor (Chrono Boost)  
  71  13:30  Observer (Chrono Boost)  
  72  13:47  Disruptor (Chrono Boost)  
  70  13:50  Disruptor (Chrono Boost)  
  76  13:56  Zealot x3  
  74  14:13  Zealot x4  
Show
View Real Time Build Order
Export as new Build Order

INnoVation Terran - Winner!

Build Orders:  

Get SALT Encoding   

  12  0:00  SCV  
  13  0:12  SCV  
  14  0:17  Supply Depot  
  14  0:24  SCV  
  15  0:38  SCV  
  15  0:39  Barracks  
  16  0:43  Refinery  
  16  0:50  SCV  
  17  1:02  SCV  
  18  1:15  SCV  
  19  1:26  Marine  
  19  1:27  Orbital Command  
  20  1:52  Factory  
  20  1:53  Command Center  
  20  1:57  SCV  
  21  2:03  Barracks Reactor  
  21  2:09  SCV  
  21  2:13  Supply Depot  
  21  2:15  Refinery  
  22  2:21  SCV  
  23  2:35  SCV  
  24  2:41  Starport  
  24  2:43  Hellion x2  
  28  2:47  SCV, Barracks Tech Lab  
  29  2:59  SCV  
  30  3:06  Orbital Command  
  30  3:11  SCV, Marine  
  30  3:12  Marine  
  33  3:16  Barracks  
  33  3:22  Raven  
  33  3:23  SCV  
  36  3:28  Barracks  
  36  3:31  Factory Tech Lab  
  36  3:38  Marine x2  
  36  3:41  SCV x2  
  36  3:48  Bunker  
  36  3:53  SCV x2  
  38  3:56  Marine x2  
  38  3:59  Supply Depot  
  40  4:05  SCV x2  
  42  4:10  Stimpack  
  42  4:11  Marauder  
  42  4:14  Marine x2  
  46  4:21  SCV x2  
  46  4:22  Supply Depot  
  48  4:26  Combat Shield  
  48  4:27  Engineering Bay  
  48  4:34  Marauder x2  
  48  4:36  SCV  
  48  4:37  SCV  
  54  4:42  Refinery  
  54  4:43  Marine x2  
  56  4:46  Supply Depot  
  56  4:49  Factory Reactor, Starport Reactor  
  56  4:51  SCV x2  
  58  4:55  Supply Depot  
  58  4:57  Terran Infantry Weapons Level 1  
  59  5:01  Marine x2  
  59  5:04  SCV  
  59  5:05  SCV  
  62  5:09  Marauder  
  62  5:10  Marauder  
  62  5:13  Supply Depot  
  66  5:17  SCV x2  
  66  5:19  Refinery  
  68  5:21  Marine  
  68  5:22  Marine  
  68  5:31  SCV x2, Marauder x2  
  68  5:35  Medivac  
  75  5:36  Supply Depot  
  75  5:37  Medivac  
  75  5:41  Marine, Supply Depot  
  75  5:42  Marine  
  79  5:45  Concussive Shells  
  79  5:47  SCV x2  
  81  5:56  Marauder x2  
  85  6:00  SCV x2  
  85  6:02  Supply Depot  
  85  6:03  Marine x2  
  89  6:06  Medivac x2  
  90  6:21  Marauder x2  
  90  6:22  Command Center  
  94  6:25  Marine  
  94  6:26  Marine  
  95  6:41  Medivac x2  
  95  6:42  Barracks  
  95  6:43  Barracks, SCV x2  
  95  6:46  Supply Depot  
  101  6:49  Marauder x2  
  101  6:50  Marine  
  101  6:51  Marine  
  107  6:56  SCV x2  
  109  7:01  Terran Infantry Armor Level 1  
  109  7:02  Supply Depot  
  109  7:08  Marine x2  
  110  7:09  SCV  
  110  7:11  Marauder x2  
  116  7:20  Viking x2  
  118  7:28  SCV x2  
  120  7:35  Orbital Command  
  118  7:37  Barracks Tech Lab  
  118  7:38  Marauder x2  
  118  7:40  SCV x2  
  124  7:45  Supply Depot  
  124  7:50  Viking  
  126  7:51  Viking  
  126  7:52  SCV x2  
  126  7:55  Supply Depot  
  130  8:03  Marauder x3  
  136  8:07  Armory  
  136  8:10  Engineering Bay  
  136  8:13  SCV x3  
  136  8:16  Marine x4  
  143  8:20  Viking  
  143  8:22  Viking  
  147  8:28  Refinery  
  147  8:29  Refinery  
  147  8:30  SCV x3  
  150  8:38  Supply Depot x2  
  148  8:44  Marine x3, Marauder x3  
  157  8:58  Supply Depot  
  157  8:59  SCV x3, Viking x2, Marine  
  157  9:00  Terran Infantry Weapons Level 2  
  165  9:02  Terran Infantry Armor Level 2  
  165  9:05  Missile Turret  
  165  9:06  Missile Turret  
  165  9:09  Terran Ship Weapons Level 1  
  165  9:11  Ghost Academy  
  164  9:19  Marine x4  
  164  9:20  Marauder x2  
  171  9:29  Missile Turret  
  171  9:33  Viking x2  
  175  9:40  Marine x2  
  175  9:41  Marine x2  
  175  9:44  Ghost  
  181  9:53  Supply Depot  
  181  9:59  Ghost  
  181  10:07  Command Center  
  181  10:08  Supply Depot  
  181  10:14  Ghost  
  181  10:15  Ghost  
  181  10:16  Marine x4  
  181  10:17  Enhanced Shockwaves  
  189  10:27  Supply Depot  
  189  10:29  Ghost  
  189  10:30  Missile Turret, Medivac x2  
  195  10:41  Barracks  
  195  10:42  Barracks, Ghost  
  194  10:45  Barracks  
  194  10:48  Ghost  
  194  10:49  Marine x2  
  200  10:56  Missile Turret  
  199  11:03  Missile Turret  
  199  11:16  Ghost x2, Marine  
  199  11:17  Marine x3  
  197  11:27  Terran Infantry Armor Level 3, Terran Infantry Weapons Level 3  
  197  11:32  Barracks Reactor, Barracks Tech Lab x2  
  196  11:41  Ghost  
  196  11:44  Ghost  
  198  11:48  Missile Turret  
  198  11:49  Marine x3, Refinery  
  198  11:50  Marine, Refinery  
  165  12:10  Ghost x2  
  165  12:11  Marine x3, Marauder  
  165  12:12  Marine, Marauder  
  165  12:14  Marine, Marauder  
  165  12:15  Marine  
  163  12:29  Marine x2  
  140  12:32  Marauder  
  140  12:34  Marauder  
  140  12:35  Marauder  
  140  12:36  Medivac  
  140  12:37  Medivac  
  134  12:39  Marine x3, Marauder  
  134  12:40  Marine, Marauder  
  141  12:46  Marine x2  
  143  12:54  Marauder  
  143  12:55  Marauder  
  146  13:06  Command Center  
  138  13:15  Ghost x2, Medivac x2  
  138  13:17  Marine x2  
  148  13:27  SCV  
  148  13:28  SCV  
  148  13:29  Marauder x2  
  148  13:30  Marine  
  148  13:34  Marine  
  155  13:35  Marine  
  155  13:41  Marine, Marauder  
  159  14:03  Marine x2  
  159  14:07  SCV x2  
Tags
 
Add a new tag
Caveats
  • Supply blocks, unpowered buildings, or Contaminate may cause inaccurate times.
  • Supply counts are checked every 10 seconds.